 Dungeon Crawl Stone Soup version 0.25-a0-420-g1cc7eeb0d1 (webtiles) character file.

Game seed: 16551735716681404847, levelgen mode: deterministic

5595 Ajdolov the Grappler (level 10, -5/100 HPs)
             Began as a Troll Hunter on Jan 19, 2020.
             Was an Initiate of Ru.
             Slain by a troll (13 damage)
             ... on level 9 of the Dungeon.
             The game lasted 00:21:21 (7174 turns).

Ajdolov the Grappler (Troll Hunter)                 Turns: 7174, Time: 00:21:22

Health: -5/100     AC:  7    Str: 22    XL:     10   Next: 45%
Magic:  9/9        EV: 10    Int:  8    God:    Ru [......]
Gold:   431        SH:  0    Dex: 12    Spells: 9/9 levels left

rFire    . . .     SeeInvis .     - Unarmed
rCold    . . .     Gourm    +   (no shield)
rNeg     . . .     Faith    .   b - +0 robe
rPois    .         Spirit   .   (helmet restricted)
rElec    .         Reflect  .   j - +0 cloak
rCorr    .         Harm     .   (gloves unavailable)
MR       .....                  (boots unavailable)
Stlth    +.........             (no amulet)
HPRegen  0.66/turn              (no ring)
MPRegen  0.11/turn              (no ring)

@: no status effects
A: large, unfitting armour, claws 3, fast metabolism 3, gourmand, regeneration
1, shaggy fur 1, tough skin 3
a: Renounce Religion


You were on level 9 of the Dungeon.
You worshipped Ru.
Ru was noncommittal.
You were completely stuffed.

You visited 3 branches of the dungeon, and saw 11 of its levels.

You collected 431 gold pieces.

Inventory:

Missiles
 c - 5 large rocks (quivered)
Armour
 b - a +0 robe (worn)
 j - a +0 cloak (worn)
 G - a +2 shield
Jewellery
 i - a +2 ring of intelligence {unknown}
 l - an uncursed ring of stealth {unknown}
 w - an uncursed ring of protection from magic {unknown}
 y - an uncursed ring of fire {unknown}
 C - an uncursed ring of see invisible {unknown}
Wands
 z - a wand of iceblast (11)
 B - a wand of polymorph (8)
 D - a wand of random effects (17)
 F - a wand of acid (13)
 O - a wand of clouds (2)
Scrolls
 g - 2 scrolls of teleportation {unknown}
 m - a scroll of fear {unknown}
 n - 8 scrolls of identify {unknown}
 o - 3 scrolls of fog {unknown}
 q - a scroll of immolation {unknown}
 s - 4 scrolls of remove curse {unknown}
 u - a scroll of magic mapping {unknown}
 x - a scroll of enchant armour {unknown}
 A - a scroll of amnesia {unknown}
 E - a scroll of random uselessness {unknown}
 H - a scroll of blinking
 J - a scroll of acquirement {unknown}
Potions
 a - 3 potions of heal wounds {unknown}
 e - 5 potions of brilliance {unknown}
 h - 4 potions of resistance {unknown}
 k - 3 potions of flight {unknown}
 p - 2 potions of ambrosia {unknown}
 r - 3 potions of agility {unknown}
 t - 3 potions of degeneration {unknown}
 v - a potion of cancellation {unknown}
 I - 3 potions of might {unknown}
 K - a potion of mutation {unknown}
 L - a potion of invisibility {unknown}
 N - a potion of magic {unknown}
Comestibles
 f - 18 rations
 M - 8 chunks of flesh


   Skills:
 - Level 6.4 Fighting
 - Level 7.0 Throwing
 - Level 1.5 Dodging
 - Level 0.3 Stealth
 * Level 4.0 Shields
 * Level 11.0 Unarmed Combat


You had 9 spell levels left.
You didn't know any spells.
Your spell library contained the following spells:

 Spells                   Type           Power        Failure   Level  Hunger
 Freeze                   Ice            #...         41%         1    ##.....
 Shock                    Conj/Air       #...         41%         1    ##.....
 Corpse Rot               Necr/Air       N/A          54%         2    ###....
 Swiftness                Chrm/Air       #.......     54%         2    ###....
 Ozocubu's Armour         Chrm/Ice       #.......     78%         3    ####...
 Static Discharge         Conj/Air       #.......     78%         3    ####...
 Stone Arrow              Conj/Erth      #.....       78%         3    ####...
 Airstrike                Air            #.........   99%         4    #####..
 Hailstorm                Conj/Ice       #.......     99%         4    #####..
 Summon Ice Beast         Ice/Summ       #.......     99%         4    #####..
 Lightning Bolt           Conj/Air       #.........   100%        5    ######.
 Summon Forest            Summ/Tloc      #.........   100%        5    ######.
 Eringya's Noxious Bog    Tmut/Pois      #.........   100%        6    #######
 Hydra Form               Tmut           #.........   100%        6    #######
 Summon Hydra             Summ           #.........   100%        7    #######


Dungeon Overview and Level Annotations

Branches:
Dungeon (9/15)             Temple (1/1) D:6            Lair (1/6) D:8
    Orc: D:9-12

Altars:
Ashenzari
Cheibriados
Dithmenos
Elyvilon
Fedhas
Gozag
Hepliaklqana
Kikubaaqudgha
Makhleb
Nemelex Xobeh
Okawaru
Qazlal
Ru
Sif Muna
Trog
Uskayaw
Vehumet
Wu Jian
Xom
Yredelemnul
Zin
The Shining One

Shops:
D:8 =

Portals:
Abyss: D:3

Annotations:
D:3 2 transporters, herny's ghost, weakling DrWz


Innate Abilities, Weirdness & Mutations

You are too large for most types of armour.
You have claws for hands.
Your metabolism is lightning-fast.
You like to eat raw meat.
Your natural rate of healing is unusually fast.
You are covered in fur. (AC +1)
You have extremely tough skin. (AC +3)


Message History

Aim: a troll (lightly wounded)
You throw a throwing net.
The throwing net completely misses the troll.
Throwing (i - inventory. (/) - cycle)
d - a throwing net (quivered)
Press: ? - help, Shift-Dir - straight line, f/p - troll
Aim: a troll (lightly wounded)
You throw a throwing net.
The throwing net closely misses the troll.
The troll completely misses you. The troll claws you.
* * * LOW HITPOINT WARNING * * *
The troll claws you!
* * * LOW HITPOINT WARNING * * *
There is an open door here.
There is an open door here.
You open the door. The troll bites you!
* * * LOW HITPOINT WARNING * * *
The troll claws you!
* * * LOW HITPOINT WARNING * * *
The troll claws you!
You die...

## #####'#### ..# #...# ..
###.# #. #.### ##.### ##+###
#...# .....#### #....#
#######'## ........###....#
#........#
.....##..##....#######........#
.....###..#....'@T...#........#
.....# ##.'....#####.'........#
.....# ###....# ###<.......#
.....# #....# #........# ###.##
#....# ####'##### #.# ##'###
#..## ##.# #...# ##..# ##..#
########'### ######'#### ...##
#..........# #.........#


You could see a troll.

Vanquished Creatures
  Pikel (D:5)
  A black mamba (Lair:1)
  A komodo dragon (Lair:1)
  Grinder (D:6)
  2 hippogriffs (D:8)
  A hungry ghost (D:9)
  Menkaure (D:7)
  A water moccasin (D:6)
  2 porcupines (D:8)
  2 orc warriors
  3 sky beasts
  4 ogres
  A phantom (D:8)
  3 black bears
  A necrophage (D:8)
  2 centaurs
  A crocodile (Lair:1)
  Blork the orc (D:5)
  5 bullfrogs
  3 scorpions
  4 killer bees (D:8)
  A howler monkey (D:4)
  3 crimson imps
  An orc priest (D:5)
  A jelly (D:5)
  7 hounds
  2 orc wizards
  Crazy Yiuf (D:5)
  A bullfrog skeleton (D:4)
  2 centaur skeletons
  Ijyb (D:4)
  Natasha (thrice) (D:3)
  3 worker ants
  A hound zombie (D:6)
  3 gnolls (D:5)
  14 adders
  2 shadow imps
  4 oozes
  A worm (D:3)
  4 dart slugs
  5 leopard geckos
  17 orcs
  A giant cockroach (D:4)
  10 goblins
  9 hobgoblins
  21 jackals
  4 quokkas
  3 ball pythons
  12 bats
  4 frilled lizards
  4 kobolds
  A leopard gecko skeleton (D:6)
  9 rats
196 creatures vanquished.

Vanquished Creatures (others)
  A fungus (D:8)
1 creature vanquished.

Grand Total: 197 creatures vanquished

Notes
Turn   | Place    | Note
-------+----------+-------------------------------------------
     0 | D:1      | Ajdolov the Troll Hunter began the quest for the Orb.
     0 | D:1      | Reached XP level 1. HP: 19/19 MP: 0/0
   159 | D:1      | Reached skill level 1 in Unarmed Combat
   164 | D:1      | Reached XP level 2. HP: 25/28 MP: 1/1
   521 | D:1      | Reached XP level 3. HP: 35/35 MP: 2/2
   770 | D:2      | Reached skill level 2 in Unarmed Combat
  1101 | D:2      | Found a hide-covered altar of Uskayaw.
  1221 | D:2      | Reached XP level 4. HP: 40/42 MP: 3/3
  1455 | D:3      | Noticed a centaur
  1463 | D:3      | Killed a centaur
  1463 | D:3      | Reached skill level 3 in Unarmed Combat
  1463 | D:3      | Reached XP level 5. HP: 26/50 MP: 4/4
  1546 | D:3      | Found a transporter.
  1552 | D:3      | Found a transporter.
  1558 | D:3      | Found a one-way gate to the infinite horrors of the Abyss.
  1558 | D:3      | Noticed herny's ghost (weakling DrWz)
  2142 | D:3      | Noticed Natasha
  2145 | D:3      | Killed Natasha
  2145 | D:3      | Reached skill level 4 in Unarmed Combat
  2235 | D:3      | Reached XP level 6. HP: 59/59 MP: 5/5
  2393 | D:3      | Noticed Natasha
  2395 | D:3      | Killed Natasha
  2490 | D:3      | Noticed Natasha
  2499 | D:3      | Killed Natasha
  2716 | D:4      | Noticed Ijyb
  2724 | D:4      | Killed Ijyb
  2724 | D:4      | Reached skill level 5 in Unarmed Combat
  2789 | D:4      | Reached XP level 7. HP: 56/67 MP: 6/6
  2876 | D:4      | Reached skill level 5 in Throwing
  3305 | D:5      | Entered Level 5 of the Dungeon
  3361 | D:5      | Reached skill level 6 in Unarmed Combat
  3376 | D:5      | Found a hazy altar of Hepliaklqana.
  3420 | D:5      | Found a runed translucent door.
  3421 | D:5      | Noticed Crazy Yiuf
  3428 | D:5      | Killed Crazy Yiuf
  3468 | D:5      | Reached XP level 8. HP: 21/78 MP: 7/7
  3524 | D:5      | Noticed Blork the orc
  3557 | D:5      | Killed Blork the orc
  3957 | D:5      | Reached skill level 7 in Unarmed Combat
  3990 | D:5      | Found a bloodstained altar of Trog.
  3999 | D:5      | Noticed Pikel
  4014 | D:5      | Killed Pikel
  4069 | D:5      | Found a white marble altar of Elyvilon.
  4076 | D:5      | Reached skill level 5 in Fighting
  4076 | D:5      | Reached skill level 8 in Unarmed Combat
  4238 | D:6      | Found a staircase to the Ecumenical Temple.
  4244 | D:6      | Reached XP level 9. HP: 88/88 MP: 8/8
  4320 | Temple   | Entered the Ecumenical Temple
  4568 | Temple   | Became a worshipper of Ru the Awakened
  4694 | D:6      | Found a radiant altar of Vehumet.
  4816 | D:6      | Reached skill level 9 in Unarmed Combat
  5075 | D:6      | Noticed Grinder
  5077 | D:6      | Noticed Menkaure
  5417 | D:7      | Reached skill level 1 in Shields
  5745 | D:7      | Killed Menkaure
  5751 | D:6      | Paralysed by Grinder for 2 turns
  5759 | D:6      | Killed Grinder
  5996 | D:8      | Reached skill level 10 in Unarmed Combat
  6221 | D:8      | Found Jaexze's Jewellery Emporium.
  6314 | D:8      | Reached XP level 10. HP: 98/98 MP: 9/9
  6419 | D:8      | Found a staircase to the Lair.
  6693 | Lair:1   | Entered Level 1 of the Lair of Beasts
  6738 | Lair:1   | Noticed a black mamba
  6749 | Lair:1   | Killed a black mamba
  7119 | D:9      | Reached skill level 11 in Unarmed Combat
  7174 | D:9      | Slain by a troll

Levels and vault maps discovered:
D:1:      shiori_arrival_maze, layout_basic, hex_tiny, minivault_24,
          hangedman_feature_mirror, solitary_fountain, minmay_misc_feat_encased
D:2:      layout_basic, old_standard_altar, minmay_stone_trees_small
D:3:      layout_loops_corners, first_ration, gammafunk_ghost_abyssal_escape,
          minmay_starry_boxes, uniq_natasha
D:4:      layout_gridville, uniq_ijyb
D:5:      layout_basic, marbit_many_paths, elyvilon_altar_5,
          lemuel_altar_in_water, uniq_blork_the_orc, uniq_pikel,
          uniq_crazy_yiuf_cottage
D:6:      layout_cave_pods, old_standard_altar, minmay_temple_entry_glass,
          serial_bayou_crossing, uniq_grinder, uniq_menkaure
D:7:      layout_cave_pools, serial_column_ruins, column_ruins_open_medium,
          column_ruins_open_tiny, column_ruins_columns_water,
          column_ruins_grid_1, column_ruins_columns_dead_end, minivault_24
D:8:      layout_basic, grunt_lair_entry_orc_guard_hut, serial_shops, shop
D:9:      layout_roguey
Temple:   dpeg_five_rooms_temple
Lair:1:   layout_gridlike, chequers_serial_rivers_micro_c,
          chequers_serial_rivers_large_a, minivault_24,
          chequers_serial_rivers_small_b

Skill      XL: |  1  2  3  4  5  6  7  8  9 10 |
---------------+-------------------------------+-----
Unarmed Combat | 1 2 3 4 5 6 8 10 11 | 11.0
Fighting       | 2 3 4 5 6 |  6.4
Throwing       | 4 5 6 7 |  7.0
Shields        | 2 4 |  4.0
Dodging        | |  1.5
Stealth        | |  0.3

Action                   |  1- 3 |  4- 6 |  7- 9 | 10-12 || total
-------------------------+-------+-------+-------+-------++-------
Melee: Unarmed           |   152 |   172 |   303 |    71 ||   698
       Punch             |       |     2 |    11 |     3 ||    16
Throw: Throwing net      |       |       |       |     2 ||     2
 Stab: Sleeping          |     1 |     1 |     1 |     1 ||     4
  Eat: Chunk             |    17 |    14 |    28 |    17 ||    76
Armor: Robe              |    86 |    74 |   115 |    14 ||   289
Dodge: Dodged            |    72 |   105 |   156 |    34 ||   367

Table legend:
 A = Non-vault XP
 B = Vault XP
 C = Vault XP percentage of total XP
 D = Non-vault monster count
 E = Vault monster count
 F = Vault count percentage of total count
                 A         B        C        D         E       F
            +---------+---------+-------+---------+---------+-------
      Total |    5919 |    2074 |  25.9 |     172 |      24 |  12.2
            +---------+---------+-------+---------+---------+-------
        D:1 |      35 |       8 |  18.6 |      21 |       4 |  16.0
        D:2 |      65 |       0 |   0.0 |      23 |       0 |   0.0
        D:3 |     290 |      82 |  22.0 |      27 |       9 |  25.0
        D:4 |     613 |      36 |   5.5 |      29 |       1 |   3.3
        D:5 |     621 |     951 |  60.5 |      17 |       4 |  19.0
        D:6 |    1052 |     290 |  21.6 |      16 |       1 |   5.9
        D:7 |     705 |     172 |  19.6 |      14 |       1 |   6.7
        D:8 |    1178 |     535 |  31.2 |      11 |       4 |  26.7
        D:9 |     416 |       0 |   0.0 |      10 |       0 |   0.0
     Lair:1 |     944 |       0 |   0.0 |       4 |       0 |   0.0
            +---------+---------+-------+---------+---------+-------
